 Dungeon Crawl Stone Soup version 0.19.4 (console) character file.

309 Kloppie the Skirmisher (level 6, -4/52 HPs)
             Began as a Demonspawn Fighter on Feb 4, 2017.
             Slain by Edmund
             ... wielding a +2 dire flail of holy wrath
              (15 damage)
             ... on level 4 of the Dungeon.
             The game lasted 00:04:25 (2964 turns).

Kloppie the Skirmisher (Demonspawn Fighter)         Turns: 2964, Time: 00:04:25

Health: -4/52      AC: 10    Str: 17    XL:     6   Next: 17%
Magic:  6/6        EV: 14    Int:  9    God:
Gold:   143        SH:  9    Dex: 21    Spells: 0 memorised, 5 levels left

rFire  + + .     SeeInvis .     a - +0 war axe
rCold  . . .     Gourm    +     b - +0 scale mail
rNeg   . . .     Faith    .     c - +0 shield
rPois  .         Spirit   .     (no helmet)
rElec  .         Reflect  .     g - +0 cloak
rCorr  .         Harm     .     o - +0 pair of gloves (curse)
MR     .....                    w - +0 pair of boots
Stlth  ++........               q - amulet of the gourmand
                                n - ring of protection from fire
                                y - +3 ring of evasion

@: agile
A: thin skeletal structure 1, fire resistance 1, powered by pain 2
a: no special abilities


You were on level 4 of the Dungeon.
You were completely stuffed.

You visited 1 branch of the dungeon, and saw 4 of its levels.

You collected 143 gold pieces.

Inventory:

Hand Weapons
 a - a +0 war axe (weapon)
Armour
 b - a +0 scale mail (worn)
 c - a +0 shield (worn)
 g - a +0 cloak (worn)
 o - a cursed +0 pair of gloves (worn)
 w - a +0 pair of boots (worn)
Jewellery
 h - an uncursed ring of see invisible
 n - a ring of protection from fire (right hand)
 q - an amulet of the gourmand (around neck)
 v - an uncursed ring of flight
 y - a +3 ring of evasion (left hand)
Wands
 r - a wand of lightning (5/15)
Scrolls
 j - 5 scrolls of remove curse
 k - 2 scrolls of identify
 p - a scroll of magic mapping
Potions
 d - 2 potions of might
 e - a potion of mutation {unknown}
 i - a potion of curing
 s - a potion of haste {unknown}
Comestibles
 f - 4 bread rations
 l - a beef jerky
 m - a royal jelly
 t - 4 chunks of flesh
 u - a meat ration
 x - 5 fruits


   Skills:
 * Level 5.9 Fighting
 + Level 3.7 Axes
 - Level 2.6 Armour
 - Level 2.6 Shields


You had 5 spell levels left.
You didn't know any spells.

Dungeon Overview and Level Annotations

Branches:
Dungeon (4/15)
 Temple: D:4-7

Altars:

Annotations:
D:4 Edmund


Innate Abilities, Weirdness & Mutations

You have a somewhat thin skeletal structure. (Dex +2, Stealth)
Your flesh is heat resistant. (rF+)
You sometimes gain power by taking damage.


Message History

Your shield and scale mail prevent you from hitting Edmund.
Edmund is severely wounded.
You block Edmund's attack.
You hit Edmund.
Edmund is severely wounded.
Edmund hits you with a dire flail of holy wrath!
You convulse!
* * * LOW HITPOINT WARNING * * *
You are too injured to fight recklessly!
You hit Edmund.
Edmund is almost dead.
Edmund closely misses you. Edmund barely misses you.
You hit Edmund but do no damage.
Edmund is almost dead.
Edmund hits you with a dire flail of holy wrath!
* * * LOW HITPOINT WARNING * * *
You focus on the pain.
You feel agile all of a sudden.
You convulse!
You die...

##.. #.. #.#
##.###.#
###.###......#
.........#####
########...#
#.#@###
##.#.@.###
#..###...#
########.###..###
.............##
..############


You could see Edmund.

Vanquished Creatures
  The ghost of luab the Skirmisher, an amateur HOFi (D:3)
  A howler monkey (D:4)
  An orc wizard (D:3)
  4 gnolls (D:3)
  2 adders
  4 worms
  A dart slug (D:2)
  6 leopard geckos
  2 orcs (D:3)
  A ball python (D:1)
  9 bats
  3 giant cockroaches
  13 goblins
  9 hobgoblins
  3 jackals (D:1)
  2 quokkas (D:2)
  2 frilled lizards (D:2)
  11 kobolds
  4 rats
79 creatures vanquished.

Notes
Turn   | Place    | Note
-------+----------+-------------------------------------------
     0 | D:1      | Kloppie the Demonspawn Fighter began the quest for the Orb.
     0 | D:1      | Reached XP level 1. HP: 18/18 MP: 1/1
   375 | D:1      | Gained mutation: Your flesh is heat resistant. (rF+) [demonic ancestry]
   375 | D:1      | Reached XP level 2. HP: 19/24 MP: 2/2
   661 | D:1      | Reached XP level 3. HP: 23/30 MP: 3/3
  1027 | D:1      | You fall through a shaft!
  1032 | D:2      | Reached skill level 4 in Fighting
  1373 | D:2      | Gained mutation: You have a somewhat thin skeletal structure. (Dex +2, Stealth) [demonic ancestry]
  1373 | D:2      | Reached XP level 4. HP: 32/37 MP: 4/4
  1889 | D:3      | Noticed luab's ghost (amateur HOFi)
  1898 | D:3      | Killed luab's ghost
  1898 | D:3      | Reached skill level 5 in Fighting
  1898 | D:3      | Gained mutation: You sometimes gain a little power by taking damage. [demonic ancestry]
  1898 | D:3      | Reached XP level 5. HP: 40/44 MP: 5/5
  2739 | D:3      | Gained mutation: You sometimes gain power by taking damage. [demonic ancestry]
  2739 | D:3      | Reached XP level 6. HP: 36/52 MP: 6/6
  2939 | D:4      | Noticed Edmund
  2964 | D:4      | Slain by Edmund

Skill      XL: |  1  2  3  4 |
---------------+-------------+-----
Axes           | 2 3 |  3.7
Fighting       | 4 5 |  5.9
Armour         | |  2.6
Shields        | |  2.6

Action                   |  1- 3 |  4- 6 || total
-------------------------+-------+-------++-------
Melee: War axe           |   140 |   145 ||   285
  Use: Scroll            |       |     8 ||     8
       Potion            |       |     6 ||     6
  Eat: Chunk             |     2 |    22 ||    24
Armor: Scale mail        |    71 |    43 ||   114
Dodge: Dodged            |    35 |    42 ||    77
Block: Shield            |    91 |    80 ||   171
